 Dungeon Crawl Stone Soup version 0.21-a0-641-geef9d7f (webtiles) character file.

189 shenanigans the Skirmisher (level 5, -3/42 HPs)
             Began as a Barachi Skald on Dec 31, 2017.
             Was an Initiate of Okawaru.
             Killed from afar by an orc wizard (7 damage)
             ... with a puff of flame
             ... on level 2 of the Dungeon.
             The game lasted 00:08:30 (3889 turns).

shenanigans the Skirmisher (Barachi Skald)          Turns: 3889, Time: 00:08:31

Health: -3/42      AC:  6    Str: 10 (12) XL:     5   Next: 68%
Magic:  8/8        EV: 11    Int: 18 (20) God:    Okawaru [......]
Gold:   140        SH:  0    Dex:  9 (11) Spells: 7/8 levels left

rFire    . . .     SeeInvis .   a - +0 hand axe
rCold    . . .     Gourm    .   (no shield)
rNeg     . . .     Faith    .   i - +1 ring mail {MR+}
rPois    .         Spirit   .   (no helmet)
rElec    .         Reflect  .   (no cloak)
rCorr    .         Harm     .   (no gloves)
MR       +....                  (no boots)
Stlth    ..........             (no amulet)
HPRegen  0.14/turn              (no ring)
MPRegen  0.11/turn              (no ring)

@: brilliant, flying, slow
A: +LOS, swims, slowness 1, strong legs 1
a: Hop, Renounce Religion


You were on level 2 of the Dungeon.
You worshipped Okawaru.
Okawaru was noncommittal.
You were very hungry.

You visited 1 branch of the dungeon, and saw 4 of its levels.

You collected 140 gold pieces.

Inventory:

Hand Weapons
 a - a +0 hand axe (weapon)
Armour
 b - a +0 leather armour
 f - a +0 ring mail
 i - a +1 ring mail of magic resistance (worn)
 n - a +0 chain mail
Jewellery
 g - an uncursed ring of protection from magic {unknown}
 p - an uncursed ring of ice {unknown}
Scrolls
 e - a scroll of blinking {unknown}
 h - a scroll of enchant weapon {unknown}
 j - 3 scrolls of teleportation {unknown}
 k - 3 scrolls of remove curse {unknown}
 l - a scroll of identify {unknown}
 r - a scroll of magic mapping {unknown}
Potions
 m - a potion of flight
Books
 c - a book of Battle

   Spells                             Type                      Level
   a - Infusion                       Charms                       1
   b - Shroud of Golubria             Charms/Translocation         2
   c - Song of Slaying                Charms                       2
   d - Spectral Weapon                Hexes/Charms                 3
   e - Regeneration                   Charms/Necromancy            3
Comestibles
 d - 4 rations


   Skills:
 + Level 3.8 Fighting
 + Level 3.5 Axes
 + Level 3.3 Armour
 + Level 3.5 Dodging
 - Level 2.1 Spellcasting
 - Level 3.2 Charms
 * Level 0.9 Invocations


You had 7 spell levels left.
You knew the following spells:

 Your Spells              Type           Power        Failure   Level  Hunger
a - Infusion              Chrm           ###.         1%          1    #......


Dungeon Overview and Level Annotations

Branches:
Dungeon (4/15)
 Temple: D:4-7

Altars:
Cheibriados
Okawaru
Trog
Uskayaw


Innate Abilities, Weirdness & Mutations

Shadows flee at your approach. (+LOS)
You can swim through water.
You cover ground slowly.
You can hop short distances.


Message History

You miss something. Something hits you but does no damage.
You closely miss something. Something hits you but does no damage.
You miss something. Something barely misses you.
You closely miss something. Something hits you.
* * * LOW HITPOINT WARNING * * *
Something hits you but does no damage.
You closely miss something. Something hits you but does no damage.
You closely miss something. Something hits you.
* * * LOW HITPOINT WARNING * * *
You miss something. Something hits you but does no damage.
You barely miss something. Something hits you but does no damage.
You closely miss something. Something hits you.
* * * LOW HITPOINT WARNING * * *
You miss something. Something hits you but does no damage.
You hit something. Something hits you but does no damage.
You barely miss something.
You hear some strange, mumbled words.
A puff of flame appears from out of thin air!
The puff of flame hits you!
You die...

#..# #.....##.#.....# #.#.#
#..# #.....##.#.....# #.#.#
#..# #..............####.#.#
#..# #####.##.#.....#......<
#..# #.##.#####.#.##.#.#
#..# #.##.#####.#.##.#.#
#..# #........#.#.##.#.#
#..##########.###.#.#.##.#.#
#..........@..).............
#.#########{#######.##.#.##.
#.# #....................
#.# #.#############.#.##.
#.# ##.#.# ##.#.### #.#
#....# #....... #.#
#..#.##########....... #.#
#..................... #.#
#..................###


There were no monsters in sight!

Vanquished Creatures
  An orc priest (D:3)
  Terence (D:2)
  A gnoll (D:1)
  4 adders
  6 worms
  3 dart slugs
  2 leopard geckos
  2 orcs (D:4)
  9 bats
  3 giant cockroaches
  5 goblins
  9 hobgoblins
  3 jackals (D:2)
  A quokka (D:2)
  A ball python (D:1)
  2 frilled lizards
  3 kobolds
  8 rats
64 creatures vanquished.

Notes
Turn   | Place    | Note
-------+----------+-------------------------------------------
     0 | D:1      | shenanigans the Barachi Skald began the quest for the Orb.
     0 | D:1      | Reached XP level 1. HP: 17/17 MP: 3/3
   144 | D:1      | Reached XP level 2. HP: 23/23 MP: 5/5
   500 | D:1      | Reached XP level 3. HP: 4/29 MP: 6/6
  1278 | D:2      | Reached XP level 4. HP: 28/35 MP: 7/7
  1540 | D:2      | Found a bloodstained altar of Trog.
  2225 | D:2      | Noticed Terence
  2252 | D:2      | Killed Terence
  2252 | D:2      | Reached XP level 5. HP: 15/42 MP: 4/8
  2451 | D:2      | Found an iron altar of Okawaru.
  2482 | D:2      | Became a worshipper of Warmaster Okawaru
  2970 | D:3      | Noticed a phantom
  3059 | D:3      | Found a snail-covered altar of Cheibriados.
  3672 | D:3      | Noticed an enchanted hand axe
  3678 | D:3      | Noticed a dagger
  3679 | D:3      | Found a hide-covered altar of Uskayaw.
  3889 | D:2      | Killed from afar by an orc wizard

Vault maps used:
D:1:      minmay_arrival_solitary_statue, minmay_misc_feat_more_columns,
          minmay_tetromino_i2
D:2:      old_standard_altar, trog_three_pillars_becter, uniq_terence
D:3:      nicolae_gozag_cash_rules_everything_around_me, cheibriados_altar_1,
          dancing_weapons_uskayaw
D:4:      cheibrodos_ashenzari_chains, first_ration

Skill      XL: |  1  2  3  4 |
---------------+-------------+-----
Fighting       | 3 |  3.8
Armour         | 2 3 |  3.3
Axes           | 3 |  3.5
Dodging        | 3 |  3.5
Spellcasting   | |  2.1
Charms         | |  3.2
Invocations    | |  0.9

Action                   |  1- 3 |  4- 6 || total
-------------------------+-------+-------++-------
Melee: Hand axe          |   101 |   210 ||   311
 Cast: Infusion          |     2 |    14 ||    16
 Abil: Hop               |     1 |       ||     1
  Use: Potion            |     1 |     3 ||     4
  Eat: Chunk             |     1 |     9 ||    10
Armor: Leather armour    |     2 |       ||     2
       Ring mail         |    37 |    82 ||   119
       Skin              |     5 |       ||     5
Dodge: Dodged            |    59 |   123 ||   182

Table legend:
 A = Spawn XP
 B = Non-spawn XP
 C = Spawn XP percentage of total XP
 D = Spawn monster count
 E = Non-spawn monster count
 F = Spawn count percentage of total count
 G = Total turns spent on level
                    A         B        C        D         E        F      G
               +---------+---------+-------+---------+---------+-------+---------
         Total |       0 |     271 |   0.0 |       0 |      64 |   0.0 |  3889
               +---------+---------+-------+---------+---------+-------+---------
           D:1 |       0 |      54 |   0.0 |       0 |      23 |   0.0 |  1162
           D:2 |       0 |     142 |   0.0 |       0 |      33 |   0.0 |  1891
           D:3 |       0 |      69 |   0.0 |       0 |       6 |   0.0 |   669
           D:4 |       0 |       6 |   0.0 |       0 |       2 |   0.0 |   167
               +---------+---------+-------+---------+---------+-------+---------
